 Dungeon Crawl Stone Soup version 0.22.1-1-ga44c0e5 (webtiles) character file.

363131 sanboga the Executioner (level 22, -16/153 HPs)
             Began as a Gargoyle Berserker on Oct 24, 2018.
             Was the Champion of Trog.
             Killed from afar by a Hell Sentinel (45 damage)
             ... with damnation
             ... summoned by a deep elf demonologist
             ... on level 3 of the Elven Halls on Oct 25, 2018.
             The game lasted 01:32:15 (36378 turns).

sanboga the Executioner (Gargoyle Berserker)       Turns: 36378, Time: 01:32:16

Health: -16/153    AC: 49    Str: 34    XL:     22   Next: 49%
Magic:  0/22       EV: 10    Int: 14    God:    Trog [******]
Gold:   4105       SH:  0    Dex: 15    Spells: 21/21 levels left

rFire    . . .     SeeInvis +   e - +14 obsidian axe {chop, +Fly SInv *Curse} (curse)
rCold    + . .     Gourm    .   (no shield)
rNeg     + + .     Faith    .   P - +4 plate armour of Mezcal {*Slow Str+4 Dex+4 Slay+2}
rPois    ∞         Spirit   +   T - +2 hat of the Bear Spirit {Spirit, +Rage rN+ MR++}
rElec    +         Reflect  .   z - scarf {cloud immunity}
rCorr    .         Harm     .   l - +1 pair of gloves
MR       +++..                  B - +2 pair of boots {Stlth+}
Stlth    ..........             h - amulet of regeneration
HPRegen  0.75/turn              s - ring of protection from cold
MPRegen  0.18/turn              V - ring of Eganaon {Int+5 Dex+2 Slay+5 SInv Stlth-}

@: about to teleport, flying, mesmerised, slowed, very slow
A: big wings, negative energy resistance 1, sense surroundings 1, electricity
resistance, wild magic 1, unbreathing, petrification resistance, rot immunity,
AC +16
}: 2/15 runes: barnacled, gossamer
a: Stop Flying, Berserk, Trog's Hand, Brothers in Arms, Renounce Religion, Evoke
Berserk Rage


You were on level 3 of the Elven Halls.
You worshipped Trog.
Trog was exalted by your worship.
You were not hungry.

You visited 7 branches of the dungeon, and saw 38 of its levels.
You also visited: Ice Cave, Volcano and Desolation.

You collected 4754 gold pieces.
You spent 649 gold pieces at shops.

Inventory:

Hand Weapons
 e - the cursed +14 obsidian axe (weapon) {chop, +Fly SInv *Curse}
   (Trog gifted it to you on level 12 of the Dungeon)

   It inflicts extra damage upon your enemies.
   It lets you see invisible.
   It lets you fly.
   It curses itself when equipped.
   It has a curse placed upon it.
 j - a +1 executioner's axe of flaming
 t - a +2 antimagic executioner's axe
 L - a +3 executioner's axe of chopping
 S - a +4 antimagic executioner's axe
Armour
 l - a +1 pair of gloves (worn)
 z - a scarf of cloud immunity (worn)
 B - a +2 pair of boots of stealth (worn)
 P - the +4 plate armour of Mezcal (worn) {*Slow Str+4 Dex+4 Slay+2}
   (You found it on level 1 of the Spider Nest)

   It affects your strength (+4).
   It affects your dexterity (+4).
   It affects your accuracy and damage with ranged weapons and melee attacks
   (+2).
   It may slow you when you take damage.
 T - the +2 hat of the Bear Spirit (worn) {Spirit, +Rage rN+ MR++}
   (You found it in an ice cave)

   It protects you from negative energy.
   It affects your resistance to hostile enchantments.
   It lets you go berserk.
Jewellery
 h - an amulet of regeneration (around neck)
 r - an uncursed ring of fire
 s - a ring of protection from cold (left hand)
 A - a +3 amulet of reflection
 D - a +4 ring of slaying {unknown}
 F - a +3 ring of protection
 O - an uncursed ring of protection from fire
 V - the ring of Eganaon (right hand) {Int+5 Dex+2 Slay+5 SInv Stlth-}
   (You found it in the Desolation of Salt)

   [ring of intelligence]

   It affects your intelligence (+5).
   It affects your dexterity (+2).
   It affects your accuracy and damage with ranged weapons and melee attacks
   (+5).
   It lets you see invisible.
   It makes you less stealthy.
 W - an uncursed ring of protection from cold
Wands
 w - a wand of disintegration (30)
 C - a wand of iceblast (8)
 I - a wand of digging (37)
 K - a wand of random effects (38)
 M - a wand of flame (100)
 Q - a wand of polymorph (47)
 U - a wand of scattershot (3)
Scrolls
 f - 14 scrolls of remove curse
 k - 7 scrolls of magic mapping
 m - 9 scrolls of identify
 n - 3 scrolls of blinking
 p - 10 scrolls of teleportation
 u - 6 scrolls of fog
 y - 2 scrolls of torment
 H - 4 scrolls of silence
 N - 3 scrolls of fear
 R - 4 scrolls of enchant armour
Potions
 a - 3 potions of curing
 b - 7 potions of might
 d - 3 potions of cancellation
 g - 3 potions of invisibility
 i - 5 potions of ambrosia
 o - 4 potions of resistance
 q - 3 potions of mutation
 v - a potion of heal wounds
 E - 3 potions of berserk rage
 G - 3 potions of agility
 J - 5 potions of haste
Comestibles
 c - 60 rations


   Skills:
 + Level 20.6 Fighting
 * Level 23.6 Axes
 + Level 20.5 Armour
 - Level 1.5 Dodging


You had 21 spell levels left.
You didn't know any spells.
Your spell library was empty.

Dungeon Overview and Level Annotations

Branches:
Dungeon (15/15)            Temple (0/1) D:4            Lair (6/6) D:10
 Shoals (4/4) Lair:3       Spider (4/4) Lair:4        Slime (0/5) Lair:6
    Orc (2/2) D:10            Elf (3/3) Orc:2        Vaults (4/5) D:13
  Crypt (0/3) Vaults:2     Depths (0/5) D:15

Altars:
Dithmenos
Gozag
Hepliaklqana
Nemelex Xobeh
Okawaru
Qazlal
Ru
Sif Muna
Uskayaw
Wu Jian
Xom
Yredelemnul
Zin
The Shining One
Beogh

Shops:
D:11 *   D:12 :   D:15 :   Orc:2 [(}*   Elf:1 =   Vaults:1 :(([(


Innate Abilities, Weirdness & Mutations

You are resistant to torment.
Your stone body is resilient. (AC +16)
You are immune to poison.
Your large and strong wings let you fly indefinitely.
You resist negative energy. (rN+)
You are resistant to electric shocks. (rElec)
You can survive without breathing.
You are immune to petrification.
You are immune to rotting.
You passively map a small area around you.
Your spells are a little harder to cast, but a little more powerful.


Message History

The Brimstone Fiend hits you but does no damage. x2
The Brimstone Fiend barely misses you.
The deep elf demonologist mumbles some strange words.
A deep elf death mage comes into view. It is wielding a long sword.
As you read the scroll of teleportation, it crumbles to dust.
You feel strangely unstable. The Hell Sentinel gestures at you.
The sphere of damnation explodes!
The damnation engulfs you!
* * * LOW HITPOINT WARNING * * *
The damnation engulfs the Brimstone Fiend.
The Brimstone Fiend completely resists.
The damnation engulfs the Hell Sentinel.
The Hell Sentinel completely resists.
The Brimstone Fiend hits you but does no damage. x3
Your stone giant hits the Brimstone Fiend!!!
The Hell Sentinel gestures at your stone giant.
The sphere of damnation explodes!
The damnation engulfs the Brimstone Fiend.
The Brimstone Fiend completely resists.
The damnation engulfs you!
You die... , ** , * * , , *##.....=.##.*, * #.........e, , ,....1...., , , .5554.e ee3e. ,, , ,e 2ee5

,, , ###1### *
##.1@).## ,,,
,
###..C))..###
,, ,,
#....)!.....#
*#...........#
, ,
#.....).....#*
, ,
#...........#*
, , ,
#...........#
, ,
*#...........#
,
###....[(.###
,, ,,


You could see a Hell Sentinel, a Brimstone Fiend, an Ice Fiend, a reaper, a deep
elf master archer, a deep elf annihilator, a deep elf death mage, 2 deep elf
sorcerers, 2 deep elf demonologists, a ynoxinul, a chaos spawn, 3 ufetubi and a
friendly stone giant (berserk).

Vanquished Creatures
  Mara (Vaults:3)
  Sojobo (Vaults:3)
  Saint Roka (Orc:2)
  Nikola (Shoals:3)
  A tentacled monstrosity (Vaults:3)
  An Ice Fiend (IceCv)
  A deep elf blademaster (Elf:2)
  2 krakens
  Polyphemus (Shoals:3)
  Frances (D:14)
  3 tengu reavers (Vaults:3)
  Roxanne (Shoals:3)
  2 frost giants
  A fire giant (Vaults:2)
  An orc warlord (Vaults:3)
  2 imperial myrmidons (Desolation)
  5 ghost moths
  6 vault wardens
  A deep elf elementalist (Elf:3)
  8 ironheart preservers
  5 emperor scorpions
  8 entropy weavers
  8 stone giants
  A deep elf demonologist (Elf:1)
  A dire elephant (D:15)
  3 halazid warlocks (Desolation)
  A spark wasp (Spider:4)
  An ettin (Vaults:2)
  Snorg (D:10)
  2 crystal guardians (Desolation)
  2 merfolk javelineers
  7 merfolk impalers
  Josephine (D:10)
  3 fire dragons
  10 ogre magi
  4 deep elf high priests (Elf:3)
  6 ragged hierophants (Desolation)
  8 hydras
  3 vault guards
  2 great orbs of eyes
  6 yaktaur captains
  3 ice dragons
  A rakshasa (Vaults:2)
  5 servants of whispers (Desolation)
  A merfolk avatar (Shoals:3)
  12 peacekeepers (Desolation)
  3 catoblepae
  3 centaur warriors
  2 merfolk aquamancers (Shoals:4)
  An alligator snapping turtle (Shoals:2)
  33 two-headed ogres
  A deep troll earth mage (Vaults:1)
  22 dancing weapons
  4 death knights
  12 death yaks
  2 tengu warriors (D:13)
  A satyr (Shoals:3)
  6 death scarabs (Spider:4)
  2 orc high priests (Orc:2)
  16 deep elf knights
  Sonja (Orc:2)
  A shadow wraith (Vaults:4)
  6 hell knights (Vaults:2)
  An unseen horror (shapeshifter) (Elf:2)
  5 skeletal warriors
  10 deep trolls
  10 sea snakes
  A flayed ghost (Vaults:3)
  2 unseen horrors
  A kraken simulacrum (Shoals:4)
  4 wizards
  7 harpies
  3 phantasmal warriors
  26 wolf spiders
  21 ironbrand convokers
  16 deep elf archers
  A necromancer (Vaults:2)
  A lindwurm (Lair:6)
  A spectral wolf spider (Spider:4)
  3 wolf spider zombies
  18 orc knights
  11 orb spiders
  6 orc sorcerers
  10 manticores
  9 fauns
  48 deep elf magi
  A salamander (shapeshifter) (Vaults:4)
  14 ugly things
  5 cyclopes
  A salamander (D:15)
  3 moths of wrath
  Joseph (D:7)
  4 merfolk sirens
  14 elephants
  A torpor snail (Spider:3)
  A guardian serpent (shapeshifter) (Vaults:2)
  A black mamba (Lair:4)
  3 molten gargoyles
  9 vault sentinels
  3 guardian serpents (Desolation)
  A water nymph (Shoals:4)
  An ice statue (IceCv)
  5 gargoyles
  7 komodo dragons
  8 spiny frogs
  An efreet (Volcano)
  3 kobold demonologists
  3 freezing wraiths
  3 redback zombies (Spider:4)
  13 yaktaurs
  11 demonic crawlers
  3 rime drakes
  A golden dragon simulacrum (IceCv)
  4 anaconda simulacra
  A komodo dragon (shapeshifter) (Vaults:3)
  4 ice devils (IceCv)
  A queen bee (shapeshifter) (D:14)
  2 tengu conjurers (D:14)
  A polar bear (Lair:6)
  36 jumping spiders
  7 trolls
  4 hornets
  A queen bee (Lair:2)
  A raiju (shapeshifter) (Vaults:3)
  Prince Ribbit (D:7)
  3 spectral jumping spiders (Spider:4)
  22 merfolk
  4 blink frogs (Lair:6)
  A wolf spider simulacrum (IceCv)
  Grinder (D:4)
  5 wind drakes
  3 tarantella zombies (Spider:4)
  58 saltlings
  A harpy skeleton (D:15)
  6 snapping turtles
  6 slime creatures
  11 dream sheep
  2 human simulacra (Vaults:2)
  A hippogriff (shapeshifter) (Vaults:3)
  17 hippogriffs
  7 air elementals
  26 tarantellas
  6 wraiths
  35 yaks
  A spriggan (D:9)
  64 redbacks
  4 wyverns
  2 dire elephant simulacra (IceCv)
  A vampire (D:13)
  2 fire bats (Volcano)
  2 water elementals
  4 fire elementals
  3 basilisks
  3 hungry ghosts
  13 vampire mosquitoes
  A death yak simulacrum (IceCv)
  A steam dragon (D:7)
  Menkaure (D:7)
  A redback simulacrum (D:15)
  6 wargs
  4 harpy simulacra (IceCv)
  An acid dragon (D:12)
  A soldier ant (shapeshifter) (Vaults:2)
  6 hydra simulacra
  10 porcupines
  A spectral hornet (Spider:4)
  8 water moccasins
  4 ice beasts
  42 orc warriors
  3 black bears
  A necrophage (D:11)
  A hornet zombie (Spider:4)
  An ettin simulacrum (Vaults:3)
  An eye of draining (D:14)
  5 sky beasts
  28 ogres
  8 boggarts
  8 phantoms
  7 wolves
  12 centaurs
  10 crocodiles
  2 big kobolds
  A big kobold (shapeshifter) (Vaults:1)
  20 bullfrogs
  2 earth elementals (Elf:1)
  3 wyvern skeletons
  5 scorpions
  24 killer bees (Lair:2)
  A swamp dragon simulacrum (IceCv)
  14 wights
  6 howler monkeys
  11 electric eels
  5 lava snakes (Volcano)
  12 crimson imps
  2 draconian simulacra (IceCv)
  A hippogriff simulacrum (Lair:1)
  A bullfrog zombie (D:11)
  5 centaur zombies
  8 hounds
  15 jellies
  24 orc wizards
  2 gnoll shamans
  16 orc priests
  4 centaur skeletons
  An iguana (D:7)
  2 troll simulacra (IceCv)
  2 polar bear simulacra (IceCv)
  10 worker ants
  A spriggan simulacrum (IceCv)
  8 ogre zombies (D:10)
  5 centaur simulacra (IceCv)
  A basilisk simulacrum (Lair:1)
  A hound zombie (D:10)
  3 hound skeletons
  A worker ant zombie (D:11)
  Robin (D:4)
  13 gnolls
  11 adders
  3 howler monkey skeletons
  A naga simulacrum (IceCv)
  An ogre simulacrum (IceCv)
  A river rat (Lair:2)
  7 shadow imps
  6 white imps (IceCv)
  8 ufetubi (IceCv)
  An ooze (Lair:6)
  An adder skeleton (D:4)
  2 worms
  A dart slug (D:4)
  6 leopard geckos
  124 orcs
  7 giant cockroaches
  2 gnoll zombies (D:3)
  8 goblins
  12 hobgoblins
  12 jackals
  7 quokkas
  2 ball pythons (D:1)
  A bat (D:1)
  8 frilled lizards
  A hobgoblin skeleton (D:10)
  4 hobgoblin zombies (D:10)
  11 kobolds
  A leopard gecko skeleton (D:4)
  4 orc skeletons (D:10)
  16 orc zombies (D:10)
  2 rats
  A bush (Lair:6)
  3 fungi
  6 plants
  6 tentacles
1667 creatures vanquished.

Vanquished Creatures (collateral kills)
  An entropy weaver (Vaults:2)
  A deep elf demonologist (Elf:1)
  A yaktaur captain (Vaults:1)
  A servant of whispers (Vaults:4)
  A great orb of eyes (Vaults:3)
  A vault guard (Vaults:1)
  3 rakshasas
  2 ogre magi
  6 two-headed ogres
  A deep troll shaman (Lair:6)
  2 death scarabs (Spider:4)
  A hell knight (Vaults:2)
  A skeletal warrior (D:14)
  A deep troll (Vaults:1)
  2 deep elf archers (Elf:1)
  A sea snake (Shoals:2)
  14 orb spiders
  A spectral wolf spider (Spider:4)
  8 wolf spiders
  4 harpies
  An orc sorcerer (Orc:2)
  12 deep elf magi
  7 ugly things
  3 fauns
  2 orc knights
  2 manticores
  A merfolk siren (Shoals:3)
  2 moths of wrath
  2 vault sentinels
  A spectral redback (Spider:4)
  A centaur skeleton (D:15)
  A redback zombie (Spider:4)
  3 freezing wraiths
  A yaktaur (Vaults:4)
  3 demonic crawlers
  A troll (D:15)
  6 merfolk
  A troll (shapeshifter) (Vaults:4)
  13 jumping spiders
  A wind drake (Shoals:3)
  2 hornets
  A meliai zombie (D:15)
  A snapping turtle (Shoals:3)
  2 shadows
  11 redbacks
  10 tarantellas
  A human (shapeshifter) (Vaults:4)
  A vampire mosquito (D:13)
  2 hornet zombies (Spider:4)
  10 orc warriors
  2 ogres
  A boggart (Vaults:1)
  2 centaurs (D:15)
  An earth elemental (Elf:2)
  A wight (D:14)
  5 orc priests
  3 orc wizards
  An iguana (D:13)
  An ogre simulacrum (IceCv)
  An ufetubus (IceCv)
  15 orcs
  3 plants
  A tentacle (Shoals:4)
195 creatures vanquished.

Vanquished Creatures (others)
  An ironbrand convoker (Desolation)
  A deep elf mage (Elf:2)
  A saltling (Desolation)
  A white imp (IceCv)
  An ufetubus (IceCv)
  An orc (D:10)
  2 fungi
  2 plants (Shoals:1)
  11 tentacles
21 creatures vanquished.

Grand Total: 1883 creatures vanquished

Notes
Turn   | Place    | Note
-------+----------+-------------------------------------------
     0 | D:1      | sanboga the Gargoyle Berserker began the quest for the Orb.
     0 | D:1      | Reached XP level 1. HP: 14/14 MP: 1/1
   197 | D:1      | Reached skill level 3 in Axes
   197 | D:1      | Reached XP level 2. HP: 19/19 MP: 2/2
   708 | D:2      | Reached XP level 3. HP: 23/23 MP: 3/3
   720 | D:2      | Reached ** piety under Trog
   874 | D:2      | Reached XP level 4. HP: 28/29 MP: 4/4
  1180 | D:3      | Reached skill level 4 in Axes
  1180 | D:3      | Reached XP level 5. HP: 31/33 MP: 5/5
  1460 | D:3      | Found a stormy altar of Qazlal.
  1460 | D:3      | Found a hide-covered altar of Uskayaw.
  1674 | D:3      | Found a basalt altar of Yredelemnul.
  1840 | D:4      | Noticed an ogre
  1846 | D:4      | Killed an ogre
  1846 | D:4      | Reached XP level 6. HP: 39/39 MP: 6/6
  1944 | D:4      | Noticed Grinder
  1947 | D:4      | Paralysed by Grinder for 4 turns
  1985 | D:4      | Killed Grinder
  1985 | D:4      | Reached skill level 5 in Fighting
  1985 | D:4      | Reached skill level 5 in Axes
  1985 | D:4      | Reached XP level 7. HP: 19/44 MP: 7/7
  2049 | D:4      | Reached *** piety under Trog
  2252 | D:4      | Noticed Robin
  2262 | D:4      | Killed Robin
  2394 | D:4      | Found a staircase to the Ecumenical Temple.
  2751 | D:5      | Entered Level 5 of the Dungeon
  2806 | D:5      | Reached skill level 6 in Axes
  2806 | D:5      | Reached skill level 5 in Armour
  3028 | D:5      | Reached XP level 8. HP: 41/51 MP: 8/8
  3046 | D:5      | Found a glowing silver altar of Zin.
  3339 | D:6      | Found a shadowy altar of Dithmenos.
  3609 | D:6      | Reached skill level 7 in Axes
  3994 | D:7      | Noticed Joseph
  4029 | D:7      | Killed Joseph
  4052 | D:7      | Noticed Prince Ribbit
  4092 | D:7      | Found a sparkling altar of Nemelex Xobeh.
  4093 | D:7      | Found a glowing golden altar of the Shining One.
  4097 | D:7      | Found a deep blue altar of Sif Muna.
  4100 | D:7      | Found an ornate altar of the Wu Jian Council.
  4233 | D:7      | Found a hazy altar of Hepliaklqana.
  4235 | D:7      | Found an iron altar of Okawaru.
  4236 | D:7      | Found a shimmering altar of Xom.
  4264 | D:7      | Reached XP level 9. HP: 47/57 MP: 9/9
  4311 | D:7      | Reached **** piety under Trog
  4329 | D:7      | Reached skill level 8 in Axes
  4442 | D:7      | Noticed Menkaure
  4459 | D:7      | Killed Menkaure
  4828 | D:7      | Killed Prince Ribbit
  4828 | D:7      | Reached skill level 9 in Axes
  5109 | D:8      | Reached XP level 10. HP: 49/64 MP: 10/10
  5525 | D:8      | Noticed a manticore
  5535 | D:8      | Killed a manticore
  5535 | D:8      | Reached skill level 10 in Axes
  6214 | D:9      | Reached ***** piety under Trog
  6272 | D:9      | Found a basalt altar of Yredelemnul.
  6424 | D:9      | Found a sacrificial altar of Ru.
  6735 | D:10     | Entered Level 10 of the Dungeon
  6805 | D:10     | Found a staircase to the Lair.
  6850 | D:10     | Reached XP level 11. HP: 48/71 MP: 7/11
  6919 | D:10     | Noticed Snorg
  6958 | D:10     | Killed Snorg
  6958 | D:10     | Reached skill level 11 in Axes
  7098 | D:10     | Found a staircase to the Orcish Mines.
  7133 | D:10     | Reached skill level 10 in Fighting
  7490 | D:10     | Received a gift from Trog
  7563 | D:10     | Noticed Josephine
  7575 | D:10     | Killed Josephine
  7577 | D:10     | Reached skill level 10 in Armour
  7741 | D:11     | Found Zoac Qiurr's Demolitions Depot.
  7933 | D:11     | Noticed a two-headed ogre
  7950 | D:11     | Killed a two-headed ogre
  7950 | D:11     | Reached skill level 12 in Axes
  8166 | D:11     | Killed an unseen horror
  8528 | Lair:1   | Entered Level 1 of the Lair of Beasts
  8544 | Lair:1   | Reached XP level 12. HP: 67/79 MP: 10/12
  8878 | Lair:1   | Found a transporter.
  8886 | Lair:1   | Noticed a six-headed hydra
  8904 | Lair:1   | Killed an 11-headed hydra
  8908 | Lair:1   | Noticed a four-headed hydra
  9030 | Lair:1   | Killed a 15-headed hydra
  9030 | Lair:1   | Reached skill level 13 in Axes
  9066 | Lair:1   | Found a transporter.
  9613 | Lair:2   | Received a gift from Trog
 10320 | Lair:2   | Reached XP level 13. HP: 76/86 MP: 4/13
 10399 | Lair:3   | Found a staircase to the Shoals.
 10584 | Lair:3   | Reached skill level 14 in Axes
 11783 | Lair:4   | Reached ****** piety under Trog
 11893 | Lair:4   | Found a hole to the Spider Nest.
 12343 | Lair:5   | Found a dark tunnel.
 12351 | Volcano  | Entered a volcano
 12731 | Volcano  | Received a gift from Trog
 12756 | Volcano  | Found a bloodstained altar of Trog.
 12891 | Volcano  | Noticed a stone giant
 12899 | Volcano  | HP: 3/130 [stone giant (6)]
 12902 | Volcano  | Killed a stone giant
 13737 | Lair:5   | Reached skill level 15 in Axes
 14093 | Lair:6   | Entered Level 6 of the Lair of Beasts
 14174 | Lair:6   | Gained mutation: Your large and strong wings let you fly
                  | indefinitely. [Gargoyle growth]
 14174 | Lair:6   | Reached XP level 14. HP: 94/94 MP: 14/14
 14264 | Lair:6   | Found a staircase to the Slime Pits.
 14502 | Lair:6   | Received a gift from Trog
 15264 | Orc:1    | Entered Level 1 of the Orcish Mines
 15453 | Orc:1    | Noticed a stone giant
 15467 | Orc:1    | Killed a stone giant
 15636 | Orc:2    | Entered Level 2 of the Orcish Mines
 15751 | Orc:2    | Found a staircase to the Elven Halls.
 15939 | Orc:2    | Found a roughly hewn altar of Beogh.
 15940 | Orc:2    | Found Regig's Assorted Antiques.
 15962 | Orc:2    | Reached skill level 16 in Axes
 15971 | Orc:2    | Bought a scroll labeled QIFAVU DOHA for 22 gold pieces
 15971 | Orc:2    | Bought a potion of heal wounds for 110 gold pieces
 16095 | Orc:2    | Noticed Sonja
 16099 | Orc:2    | Killed Sonja
 16202 | Orc:2    | Found a roughly hewn altar of Beogh.
 16316 | Orc:2    | Found a roughly hewn altar of Beogh.
 16331 | Orc:2    | Found Fijeehex's Gadget Shoppe.
 16387 | Orc:2    | Found a roughly hewn altar of Beogh.
 16452 | Orc:2    | Received a gift from Trog
 16452 | Orc:2    | Noticed Saint Roka
 16609 | Orc:2    | Found Plog's Antique Weapon Emporium.
 16639 | Orc:2    | Killed Saint Roka
 16639 | Orc:2    | Reached XP level 15. HP: 45/100 MP: 1/15
 16640 | Orc:2    | Found a roughly hewn altar of Beogh.
 16643 | Orc:2    | Found Jiatiece's Antique Armour Shoppe.
 16655 | Orc:2    | Bought a glowing battleaxe for 285 gold pieces
 16661 | Orc:2    | Bought a pair of runed boots for 232 gold pieces
 16767 | Orc:2    | Found a roughly hewn altar of Beogh.
 17631 | D:12     | Found Eskiuj's Book Emporium.
 17645 | D:12     | Received a gift from Trog
 17646 | D:12     | Found the +14 obsidian axe {chop, +Fly SInv *Curse}
 18391 | D:13     | Found a shimmering altar of Xom.
 18396 | D:13     | Found a shimmering altar of Xom.
 18405 | D:13     | Found a shimmering altar of Xom.
 18407 | D:13     | Found a shimmering altar of Xom.
 18546 | D:13     | Found a gate to the Vaults.
 18746 | D:14     | Noticed Frances
 18756 | D:14     | Killed Frances
 18757 | D:14     | Received a gift from Trog
 18798 | D:14     | Reached skill level 17 in Axes
 19200 | D:15     | Entered Level 15 of the Dungeon
 19261 | D:15     | Found a staircase to the Depths.
 19269 | D:15     | Gained mutation: Your spells are a little harder to cast,
                  | but a little more powerful. [potion of mutation]
 19269 | D:15     | Gained mutation: You passively map a small area around you.
                  | [potion of mutation]
 19271 | D:15     | Reached skill level 15 in Fighting
 19492 | D:15     | Found Ypitrau's Book Shoppe.
 19623 | D:15     | Received a gift from Trog
 19768 | D:15     | Reached skill level 15 in Armour
 19773 | D:15     | Reached XP level 16. HP: 83/108 MP: 12/16
 19780 | D:15     | Paralysed by an ogre mage for 7 turns
 19955 | D:15     | Found an opulent altar of Gozag.
 20221 | Spider:1 | Entered Level 1 of the Spider Nest
 20439 | Spider:1 | Received a gift from Trog
 20446 | Spider:1 | Got a twisted cloak
 20447 | Spider:1 | Identified the +2 cloak of Midsummer {rC- rCorr Dex+6
                  | Stlth+} (You found it on level 1 of the Spider Nest)
 20489 | Spider:1 | Reached skill level 18 in Axes
 20589 | Spider:1 | Got a crude plate armour
 20600 | Spider:1 | Identified the +4 plate armour of Mezcal {*Slow Str+4 Dex+4
                  | Slay+2} (You found it on level 1 of the Spider Nest)
 21260 | Spider:2 | Received a gift from Trog
 21836 | Spider:3 | Reached XP level 17. HP: 52/115 MP: 9/17
 21985 | Spider:3 | Received a gift from Trog
 22462 | Spider:4 | Entered Level 4 of the Spider Nest
 22556 | Spider:4 | Reached skill level 19 in Axes
 23238 | Spider:4 | Received a gift from Trog
 23320 | Spider:4 | Got a gossamer rune of Zot
 23603 | Shoals:1 | Entered Level 1 of the Shoals
 23776 | Shoals:1 | Reached XP level 18. HP: 122/123 MP: 18/18
 25194 | Shoals:3 | Received a gift from Trog
 25208 | Shoals:3 | Reached skill level 20 in Axes
 25636 | Shoals:3 | Noticed Polyphemus
 25655 | Shoals:3 | Killed Polyphemus
 25724 | Shoals:3 | Noticed Roxanne
 25730 | Shoals:3 | Noticed Nikola
 25737 | Shoals:3 | Killed Roxanne
 25740 | Shoals:3 | Killed Nikola
 26014 | Shoals:4 | Entered Level 4 of the Shoals
 26241 | Shoals:4 | Got a barnacled rune of Zot
 26619 | Vaults:1 | Entered Level 1 of the Vaults
 26651 | Vaults:1 | Reached XP level 19. HP: 71/130 MP: 10/19
 26908 | Vaults:1 | Received a gift from Trog
 27109 | Vaults:1 | Found a roughly hewn altar of Beogh.
 27359 | Vaults:1 | Found Ytza's Antique Weapon Boutique.
 27447 | Vaults:1 | Reached skill level 21 in Axes
 27468 | Vaults:1 | Received a gift from Trog
 27740 | Vaults:1 | Found Naduw's Armour Boutique.
 27769 | Vaults:1 | Found Mynum's Weapon Shop.
 27846 | Vaults:1 | Found Cachyex's Antique Weapon Shop.
 27847 | Vaults:1 | Found Qewam's Book Emporium.
 28250 | Vaults:2 | Found a staircase to the Crypt.
 28763 | Vaults:2 | Received a gift from Trog
 29020 | Vaults:2 | Reached XP level 20. HP: 114/137 MP: 16/20
 29721 | Vaults:3 | Received a gift from Trog
 30146 | Vaults:3 | Noticed Sojobo
 30170 | Vaults:3 | Killed Sojobo
 30170 | Vaults:3 | Reached skill level 22 in Axes
 30211 | Vaults:3 | Noticed Mara
 30234 | Vaults:3 | Noticed sanboga's illusion
 30325 | Vaults:3 | Killed Mara
 31205 | Vaults:4 | Found a ruined gateway.
 31223 | Desolati | Entered the Desolation of Salt
 31232 | Desolati | Received a gift from Trog
 31498 | Desolati | Reached XP level 21. HP: 142/144 MP: 21/21
 32029 | Desolati | Got a wavering platinum ring
 32035 | Desolati | Got a twitching brass ring
 32040 | Desolati | Identified the ring of Vous {*Drain rElec rPois rC+ Str+2
                  | SInv} (You found it in the Desolation of Salt)
 32045 | Desolati | Identified the ring of Eganaon {Int+5 Dex+2 Slay+5 SInv
                  | Stlth-} (You found it in the Desolation of Salt)
 32095 | Desolati | Received a gift from Trog
 33015 | Vaults:4 | Received a gift from Trog
 33582 | Elf:1    | Entered Level 1 of the Elven Halls
 33638 | Elf:1    | Reached skill level 23 in Axes
 33639 | Elf:1    | Received a gift from Trog
 33651 | Elf:1    | Found a frozen archway.
 33664 | IceCv    | Entered an ice cave
 33818 | IceCv    | Received a gift from Trog
 34152 | IceCv    | Found the +2 hat of the Bear Spirit {Spirit, +Rage rN+
                  | MR++}
 34426 | Elf:1    | Received a gift from Trog
 34678 | Elf:1    | Reached XP level 22. HP: 132/152 MP: 17/22
 35051 | Elf:1    | Found Mupseu's Jewellery Shop.
 35170 | Elf:2    | Received a gift from Trog
 35510 | Elf:2    | Found a runed gate.
 35510 | Elf:2    | Found a runed gate.
 35511 | Elf:2    | Found a runed gate.
 35601 | Elf:2    | Received a gift from Trog
 35930 | Elf:3    | Entered Level 3 of the Elven Halls
 36378 | Elf:3    | Killed from afar by a Hell Sentinel

Skill      XL: |  1  2  3  4  5  6  7  8  9 10 11 12 13 14 15 16 17 18 19 20 21 |
---------------+----------------------------------------------------------------+-----
Axes           | 3 4 5 6 7 9 10 12 13 15 16 17 18 19 20 21 22 23 | 23.6
Armour         | 3 4 5 6 7 9 10 11 12 14 15 16 17 18 19 20 | 20.5
Fighting       | 4 5 7 8 9 10 12 13 14 15 16 17 18 19 20 | 20.6
Dodging        | |  1.5

Action                   |  1- 3 |  4- 6 |  7- 9 | 10-12 | 13-15 | 16-18 | 19-21 | 22-24 || total
-------------------------+-------+-------+-------+-------+-------+-------+-------+-------++-------
Melee: Hand axe          |    71 |   149 |   500 |    26 |       |       |       |       ||   746
       War axe           |       |       |       |   696 |       |       |       |       ||   696
       Battleaxe         |       |       |       |   205 |   317 |       |       |       ||   522
       Broad axe         |       |       |       |       |   652 |   865 |   866 |   182 ||  2565
       Executioner's axe |       |       |       |       |       |       |   197 |       ||   197
Invok: Berserk           |     2 |     1 |     2 |     7 |     9 |     2 |     4 |       ||    27
       Brothers in Arms  |       |       |       |     1 |     2 |     1 |       |     1 ||     5
 Abil: Fly               |       |       |       |       |     1 |       |       |       ||     1
Evoke: Wand              |       |       |       |       |     3 |       |     1 |       ||     4
       Phantom mirror    |       |       |       |       |       |       |     1 |       ||     1
  Use: Scroll            |     5 |     5 |     9 |    13 |    14 |     4 |    16 |     1 ||    67
       Potion            |       |       |       |     3 |     8 |     2 |     2 |       ||    15
 Stab: Petrified         |       |       |       |       |     7 |       |       |       ||     7
       Invisible         |       |       |       |       |     1 |       |       |       ||     1
       Distracted        |       |       |       |       |     1 |     9 |     6 |     1 ||    17
  Eat: Chunk             |     2 |     4 |    12 |    25 |    34 |    23 |    22 |     6 ||   128
       Ration            |       |       |       |     1 |     2 |     1 |     2 |       ||     6
Armor: Scale mail        |    38 |    67 |    52 |       |       |       |       |       ||   157
       Plate armour      |       |       |   259 |  1082 |   981 |  1115 |   854 |   138 ||  4429
       Chain mail        |       |       |     1 |       |       |       |       |       ||     1
       Skin              |       |       |       |       |       |     2 |       |       ||     2
Dodge: Dodged            |    39 |   111 |   253 |   464 |   461 |   453 |   429 |    41 ||  2251
